woodfighter, neutral female human Wizard ----------------- |.......|.......| |.---.|.|.-----.| |.....|...|.....| ---.|.---------.| |...|...|.....|.| ----------- |.-----.|.....-.| |....*....| |...|.%.|^....|.| |.........| -.---.|.|.|.---------.| |+...<....| |.......|...|.........| |!.*!.....| |.-------.--|.--------- |...*....*| |... |.|.|.....|.| ----------- --... |.|.|.---.|.| V@... |...|.| |...| --... ---.|.|--.--- ... |...|...| --------- woodfighter the Thaumaturge Experience level: 8 Strength: 10 Dexterity: 11 Constitution: 12 Intelligence: 19 Wisdom: 19 Charisma: 8 Health: 0(52) Energy: 69(84) Def: 14 Gold: 0 Moves: 6218 Dungeon seed: 2Al3AsK0rJtq7f3Z Game ID: woodfighter_1447935175 Your Inventory: Weapons a - a blessed +1 quarterstaff (weapon in hands) Armor e - a blessed greased +0 cloak of magic resistance (being worn) h - an uncursed +0 dwarvish cloak i - a blessed +1 dwarvish cloak q - a blessed greased +3 silver dragon scale mail (being worn) r - an uncursed +0 dwarvish cloak y - an uncursed +0 Hawaiian shirt (being worn) z - a blessed greased +0 orcish helm (being worn) H - an uncursed +0 cloak of invisibility S - an uncursed +0 elven leather helm U - an uncursed +0 dwarvish cloak Y - a cursed -1 mummy wrapping Z - an uncursed +0 dwarvish cloak Comestibles m - 2 uncursed food rations p - 2 uncursed eucalyptus leaves A - 2 uncursed cream pies C - 2 uncursed fortune cookies E - an uncursed partly eaten food ration R - an uncursed lizard corpse W - 2 uncursed pizzas Scrolls G - a blessed scroll of light Wands g - a wand of striking (0:7) n - a wand of probing (0:7) B - a wand of teleportation (0:5) K - a wand of digging (0:6) Tools b - a +0 pick-axe c - 8 uncursed tallow candles (0:200) s - an uncursed sack u - 7 uncursed wax candles (0:400) v - an uncursed sack M - 4 cursed tallow candles (0:200) N - a can of grease (0:8) X - a blessed oil lamp (0:0) Gems F - an uncursed diamond Contents of the sack: 91 gold pieces an uncursed scroll of earth an uncursed scroll of magic mapping an uncursed scroll of teleportation an uncursed potion of levitation a blessed potion of paralysis an uncursed leather drum 2 uncursed flint stones an uncursed garnet stone 2 uncursed opals 2 uncursed rubies 4 uncursed worthless pieces of black glass an uncursed worthless piece of blue glass an uncursed worthless piece of green glass 5 uncursed worthless pieces of violet glass an uncursed worthless piece of yellow glass 2 uncursed worthless pieces of yellowish brown glass Spells and supernatural/magical abilities: Name Level Category Fail Memory a - force bolt 1 attack 0% 69% c - cause fear 3 enchantment 0% 69% m - magic missile 2 attack 0% 93% W - pray for help -- divine ? -- Your skills at the end: Miscellaneous Skills wands [Basic] Weapon Skills quarterstaff [Basic] Spellcasting Skills attack spells [Skilled] enchantment spells [Basic] Final Attributes: You were devoutly aligned. You were magic-protected. You had reflection. You are dead. Vanquished creatures: a large mimic a leprechaun a spotted jelly a lizard a giant spider a horse a gnome king a chickatrice a water nymph a Woodland-elf a bugbear 2 rock piercers 2 fog clouds a violet fungus 12 gnome lords 7 gnomish wizards a kobold mummy a golden naga hatchling an elf zombie a straw golem a paper golem a giant ant a floating eye a kitten 17 dwarves a homunculus 2 kobold lords an iguana an orc zombie 2 werejackals 2 gas spores 2 hobbits 2 geckos 2 hobgoblins 3 giant rats 2 cave spiders a red mold 46 gnomes 3 garter snakes a manes a gnome zombie 3 foxes 2 kobolds 4 newts a goblin 7 sewer rats a grid bug 3 bats 3 lichens a kobold zombie 157 creatures vanquished. Voluntary challenges: You did not adorn yourself with jewelry or accessories. You had been an atheist until turn 4546. You used a wielded weapon 153 times, starting on turn 3. You did not apply a unicorn horn. You read items or engraved 8 times, starting on turn 1485. You never genocided any monsters. You never polymorphed an object. You never changed form. You used 1 wish, starting on turn 4715. You did not wish for any artifacts. You never split a pudding. You never wrote Elbereth's name. You never violated your personal moral code. Dungeon overview: The Dungeons of Doom: levels 1 to 5 Level 1 a long staircase Level 2 (locked box) a fountain Level 3 (locked chest) a general store Level 4 (locked chests) some fountains stairs to The Gnomish Mines Level 5 The Gnomish Mines: levels 5 to 12 Level 5 stairs to The Dungeons of Doom Level 6 (lcoked box) Level 7 Level 8 (locked boxes in shop) many shops, a temple to Ptah, a magic chest, some fountains Level 9 (locked box) Level 10 Level 11 Level 12 <- You were here History has recorded: On T:1 you entered the Dungeons of Doom to retrieve the Amulet of Yendor! On T:15 you reached level 2 of The Dungeons of Doom. On T:535 you reached level 3 of The Dungeons of Doom. On T:638 you advanced to experience level 2. On T:854 you advanced to experience level 3. On T:929 you reached level 4 of The Dungeons of Doom. On T:1471 you advanced to experience level 4. On T:1761 you reached level 1 of The Gnomish Mines. On T:1953 you reached level 5 of The Dungeons of Doom. On T:2106 you reached level 2 of The Gnomish Mines. On T:2138 you advanced to experience level 5. On T:2623 you advanced to experience level 6. On T:2676 you reached level 3 of The Gnomish Mines. On T:3381 you reached level 4 of The Gnomish Mines. On T:3965 you advanced to experience level 7. On T:4229 you reached level 5 of The Gnomish Mines. On T:4530 you entered the Minetown temple On T:4674 you opened a magic chest. On T:4675 you opened a magic chest. On T:4675 you opened a magic chest. On T:4704 you opened a magic chest. On T:4705 you opened a magic chest. On T:4711 you opened a magic chest. On T:4711 you opened a magic chest. On T:4715 you wished for "+3 blessed fixed greased silver dragon scale mail". On T:4856 you opened a magic chest. On T:5042 you advanced to experience level 8. On T:5420 you reached level 6 of The Gnomish Mines. On T:5530 you reached level 7 of The Gnomish Mines. On T:5622 you reached level 8 of The Gnomish Mines. On T:5622 you reached the bottom of the Mines. Score breakdown: Gold: 91 ( 9 points) Experience: 8 levels ( 700 points) Exploration: 12 levels ( 330 points) Discoveries: 10 items ( 500 points) Variety of kills: 50 monsters ( 2000 points) Major goal: reached Mine's End ( 1000 points) Survival: died (score multiplied by 3) Total score: 13617 Latest messages: You put 2 stones called flint? into the bag called not holding. You put 2 red gems into the bag called not holding. You put a blue gem into the bag called not holding. You put 2 white gems into the bag called not holding. You put a green gem into the bag called not holding. You put a blessed spellbook of force bolt into the magic chest. You put an uncursed spellbook of cause fear into the magic chest. (2x) You put an uncursed spellbook called level 7 into the magic chest. You put an uncursed fizzy potion into the magic chest. You put an uncursed milky potion into the magic chest. You put an uncursed brilliant blue potion into the magic chest. You put a blessed clear potion into the magic chest. You put an uncursed purple-red potion into the magic chest. You put an uncursed smoky potion into the magic chest. You put a wand of nothing (0:7) into the magic chest. You put a blessed wand of nothing into the magic chest. You put a partly used tallow candle (0:42) into the magic chest. You put 2 yellowish brown gems into the magic chest. You put 3 yellowish brown gems into the magic chest. You put 2 violet gems into the magic chest. You put a red gem into the magic chest. The vampire scratches you! The vampire bites! You die... The sack is empty. The sack is empty. Final status: Goodbye woodfighter the Wizard, killed by a vampire... You died in The Gnomish Mines on dungeon level 12 with 13617 points, and 91 pieces of gold, after 6218 moves. You were level 8 with a maximum of 52 hit points when you died.